 Dungeon Crawl Stone Soup version 0.31.0-32-g396128a36d (webtiles) character file.

Game seed: 8185482779627138894

13 Peloso the Trooper (level 2, 0/2 HPs)
             Began as a Minotaur Fighter on Apr 9, 2024.
             Constricted to death by a ball python (1 damage)
             ... on level 1 of the Dungeon.
             The game lasted 00:01:12 (472 turns).

Peloso the Trooper (Minotaur Fighter)                Turns: 472, Time: 00:01:13

Health: 0/2        AC:  1    Str: 20    XL:     2   Next: 24%
Magic:  1/1        EV:  6    Int:  5    God:
Gold:   53         SH:  0    Dex:  9    Spells: 1/1 levels left

rFire   . . .        a - melded +0 long sword
rCold   . . .        c - melded +0 buckler
rNeg    . . .        b - +0 scale mail
rPois   .            (helmet restricted)
rElec   .            (no cloak)
rCorr   .            (gloves currently unavailable)
SInv    .            (no boots)
Will    .....        (no amulet) Stlth
                     (no ring)
HPRegen 0.20/turn    (no ring)
MPRegen 0.07/turn

%: no passive effects
@: blade hands, constricted
A: reduced hp, horns 2, retaliatory headbutt
a: Begin Untransformation


You were on level 1 of the Dungeon.
You had blades for hands.
You visited 1 branch of the dungeon, and saw 1 of its levels.

You collected 53 gold pieces.

Inventory:

Hand Weapons
 a - a +0 long sword (melded)
Armour
 b - a +0 scale mail (worn)
 c - a +0 buckler (melded)
 d - a +0 kite shield
Talismans
 g - a blade talisman (active)
Scrolls
 f - 3 scrolls of identify {unknown}
Potions
 e - a potion of heal wounds {unknown}
 h - a potion of might


   Skills:
 + Level 3.9 Fighting
 + Level 2.6 Long Blades
 + Level 3.9 Armour
 + Level 3.8 Shields


You had one spell level left.
You didn't know any spells.
Your spell library was empty.

Dungeon Overview and Level Annotations

Branches:
Dungeon (1/15)

Altars:

Shops:
D:1 =


Innate Abilities, Weirdness & Mutations

You have blades for hands.
Your maximum health is decreased, since you lack skill for your form.
You are incapable of wielding weapons or throwing items.
You have a pair of horns on your head.
You reflexively headbutt those who attack you in melee.


Message History

f - 3 scrolls labelled PITARGH UXANEQE (gained 2)
Found 4 stones.
Found a stone staircase leading down.
Found 4 stones.
Found a stone staircase leading down.
You now have 46 gold pieces (gained 13).
An endoplasm comes into view.
The endoplasm quivers.
You hit the endoplasm.
The endoplasm is severely wounded.
The endoplasm closely misses you.
You hit the endoplasm.
You kill the endoplasm!
Found a kite shield.
You see here 4 stones.
Found 8 stones and 7 gold pieces.
You see here 4 stones.
You see here a +0 kite shield.
You drop a potion of might.
You see here a +0 kite shield.
d - a +0 kite shield You see here a potion of might.
h - a potion of might Your +0 buckler is melded into your body!
You now have 53 gold pieces (gained 7).
You open the door.
A bat and a ball python come into view.
The ball python hisses angrily.
Found 18 gold pieces.
The bat barely misses you.
You miss the bat. The bat closely misses you. You furiously retaliate!
You headbutt the bat!
You kill the bat!
The ball python barely misses you. You furiously retaliate!
You headbutt the ball python, but do no damage.
The ball python closely misses you. The ball python bites you.
Ouch! That really hurt!
The ball python grabs you. The ball python constricts you.
Ouch! That really hurt!
You die...

### #.##########
#..........#
#.########.# #@#
#.# #S# #.# $..
#.#### ..... #....#
##..... ####.#
#...... #.####
#....... #.....
........###########
#.....#...


You could see a ball python.

Vanquished Creatures
  A dart slug (D:1)
  A bat (D:1)
  2 endoplasms (D:1)
  A hobgoblin (D:1)
  A quokka (D:1)
  2 ball pythons (D:1)
  2 kobolds (D:1)
10 creatures vanquished.

Notes
Turn   | Place    | Note
-------+----------+-------------------------------------------
     0 | D:1      | Peloso the Minotaur Fighter began the quest for the Orb.
     0 | D:1      | Reached XP level 1. HP: 19/19 MP: 0/0
   101 | D:1      | Found Ynkejyih's Jewellery Emporium.
   266 | D:1      | Reached XP level 2. HP: 27/27 MP: 1/1
   472 | D:1      | Constricted to death by a ball python

Illustrated notes

Levels and vault maps discovered:
D:1:      roadster_arrival_rocket_small, layout_basic, serial_shops, shop,
          minmay_split_cup_small

Action                     || total
---------------------------++-------
  Melee: Long sword        ||    24
         Headbutt          ||     2
         Unarmed           ||     3
 Armour: Scale mail        ||    15
  Dodge: Dodged            ||    13
  Block: Buckler           ||     3
   Form: Blade             ||     1
